 Dungeon Crawl Stone Soup version 0.28.0 (webtiles) character file.

Game seed: 17046579075468741911

93 Dorkslayer the Skirmisher (level 4, -3/46 HPs)
             Began as an Octopode Fighter on May 31, 2022.
             Slain by a gnoll sergeant (4 damage)
             ... on level 3 of the Dungeon.
             The game lasted 00:06:38 (1897 turns).

Dorkslayer the Skirmisher (Octopode Fighter)        Turns: 1897, Time: 00:06:38

Health: -3/46      AC: 22    Str: 15    XL:     4   Next: 61%
Magic:  5/5        EV:  2    Int: 10    God:
Gold:   52         SH: 10    Dex: 13    Spells: 4/4 levels left

rFire   . . .      SeeInvis .   a - +0 long sword
rCold   . . .      Faith    .   b - +0 buckler
rNeg    . . .      Spirit   .   (helmet currently unavailable)
rPois   +          Reflect  +   d - amulet of reflection
rElec   .          Harm     .   k - ring of poison resistance
rCorr   .          Rampage  .   (no ring)
Will    .....      NoTele   +   (no ring)
Stlth   ++........              (no ring)
HPRegen 0.15/turn               (no ring)
MPRegen 0.09/turn               (no ring)
                                (no ring)
                                (no ring)

@: mighty, tree-form, hasted, very quick
A: stationary, stasis, torment immunity, boosted hp, almost no armour,
(amphibious), 8 rings, (camouflage 1), (gelatinous body 1), (nimble swimmer 1),
(tentacles)
a: no special abilities


You were on level 3 of the Dungeon.
You were a tree.
You visited 1 branch of the dungeon, and saw 3 of its levels.

You collected 52 gold pieces.

Inventory:

Hand Weapons
 a - a +0 long sword (weapon)
Armour
 b - a +0 buckler (worn)
Jewellery
 d - an amulet of reflection (around neck)
 k - a ring of poison resistance (left branch)
Scrolls
 g - 2 scrolls of immolation
 i - a scroll of teleportation
Potions
 c - a potion of might
 f - 4 potions of lignification
 j - a potion of haste


   Skills:
 + Level 3.5 Fighting
 + Level 2.5 Long Blades
 + Level 3.4 Dodging
 + Level 1.6 Stealth
 + Level 3.3 Shields
 * Level 1.0 Unarmed Combat
 * Level 0.9 Spellcasting


You had 4 spell levels left.
You didn't know any spells.
Your spell library contained the following spells:

 Spells                   Type           Power      Damage    Failure   Level
 Animate Skeleton         Necr           0%         N/A       43%         1
 Apportation              Tloc           0%         N/A       43%         1
 Summon Small Mammal      Summ           0%         N/A       43%         1
 Ozocubu's Armour         Ice            0%         N/A       80%         3
 Ozocubu's Refrigeration  Ice            0%         4d5       100%        7


Dungeon Overview and Level Annotations

Branches:
Dungeon (3/15)

Altars:
Uskayaw
Xom

Shops:
D:1 (


Innate Abilities, Weirdness & Mutations

You are a tree.
Your roots penetrate the ground, keeping you stationary.
You cannot be teleported.
You are immune to unholy pain and torment.
Your maximum health is greatly increased.
You cannot wear most types of armour.
((You are amphibious.))
You can wear up to eight rings at the same time.
((Your skin changes colour to match your surroundings (Stealth+).))
((Your rubbery body absorbs attacks. (AC +1, EV +1)))
((You are camouflaged when in or above water. (Stealth+)))
((You have tentacles for arms and can constrict up to eight enemies at once.))


Message History

A gnoll comes into view. It is wielding a +0 whip.
A gnoll sergeant comes into view. It is wielding a +2 vorpal trident.
The gnoll shouts!
The gnoll sergeant shouts!
You hear a shout! x4
You block the gnoll's attack.
You hit the gnoll but do no damage. You grab the gnoll.
You constrict the gnoll. The gnoll hits you with a +0 whip.
A gnoll comes into view. It is wielding a +0 halberd.
You release your grip on the gnoll.
You feel very mighty all of a sudden.
It was a potion of lignification.
You turn into a tree.
Your roots penetrate the ground.
The gnoll sergeant hits you from afar with a +2 vorpal trident!
* * * LOW HITPOINT WARNING * * *
x2 It was a potion of haste.
You feel yourself speed up.
The gnoll sergeant hits you but does no damage.
It was a potion of curing.
You feel better.
You cannot teleport because you are held in place by your roots.
You closely miss the gnoll.
The gnoll is moderately wounded.
The gnoll sergeant hits you from afar with a +2 vorpal trident.
The gnoll hits you but does no damage. The gnoll barely misses you.
You slash the gnoll!
You kill the gnoll!
The gnoll sergeant hits you from afar with a +2 vorpal trident!
* * * LOW HITPOINT WARNING * * *
x2 It was a potion of flight.
Your roots keep you in place.
You block the gnoll's attack. You block the gnoll sergeant's attack.
The gnoll hits you but does no damage.
The gnoll sergeant hits you from afar with a +2 vorpal trident.
* * * LOW HITPOINT WARNING * * *
x2 The gnoll hits you but does no damage.
You block the gnoll sergeant's attack. The gnoll hits you but does no damage.
The gnoll sergeant hits you but does no damage.
You block the gnoll's attack.
A gnoll comes into view. It is wielding a +0 whip.
The gnoll sergeant hits you from afar with a +2 vorpal trident.
* * * LOW HITPOINT WARNING * * *
x2 You block the gnoll's attack.
The gnoll sergeant hits you from afar with a +2 vorpal trident.
You die...

#.......# ##
#.####### .
########.# #.
#.....##.# ###.###
#.# #.##.# g....#
#.# #....# #.#.###
#.###.####
#...gg###.....#
........#g)♣....###
#..#.##.######### .
# #.# ..# #.# #.#
..#


You could see a gnoll sergeant and 2 gnolls.

Vanquished Creatures
  A gnoll (D:3)
  4 adders (D:2)
  A worm (D:2)
  An orc (D:3)
  8 endoplasms
  6 hobgoblins
  2 jackals (D:1)
  3 quokkas
  A ball python (D:2)
  3 bats
  2 frilled lizards
  2 goblins (D:2)
  4 kobolds
  2 rats
40 creatures vanquished.

Notes
Turn   | Place    | Note
-------+----------+-------------------------------------------
     0 | D:1      | Dorkslayer the Octopode Fighter began the quest for the
                  | Orb.
     0 | D:1      | Reached XP level 1. HP: 16/16 MP: 1/1
   121 | D:1      | Reached XP level 2. HP: 18/21 MP: 2/2
   293 | D:1      | Found Deneiliz's Antique Weapon Shop.
   331 | D:1      | Found a faded altar of an unknown god.
  1059 | D:2      | Reached XP level 3. HP: 21/26 MP: 3/3
  1412 | D:2      | Found a shimmering altar of Xom.
  1416 | D:2      | Reached skill level 1 in Stealth
  1554 | D:2      | Reached XP level 4. HP: 23/31 MP: 5/5
  1826 | D:3      | Found a hide-covered altar of Uskayaw.
  1830 | D:3      | Reached skill level 1 in Unarmed Combat
  1877 | D:3      | Noticed a gnoll sergeant
  1895 | D:3      | HP: 2/46 [gnoll sergeant (3)]
  1897 | D:3      | Slain by a gnoll sergeant

Illustrated notes

Levels and vault maps discovered:
D:1:      minmay_arrival_wavy_path, layout_basic, serial_shops, shop,
          hellmonk_ecumenical_altar_blasted
D:2:      layout_basic, basic_altar, minmay_tripent
D:3:      layout_loops_cross, nicolae_vehumet_radiance, old_standard_altar,
          cheibrodos_sewer_entry_drain, uniq_terence

Skill      XL: |  1  2  3  4 |
---------------+-------------+-----
Stealth        | 1 |  1.6
Unarmed Combat | 1 |  1.0
Fighting       | |  3.5
Long Blades    | |  2.5
Dodging        | |  3.4
Shields        | |  3.3
Spellcasting   | |  0.9

Action                   |  1- 3 |  4- 6 || total
-------------------------+-------+-------++-------
Melee: Long sword        |    67 |    18 ||    85
       Tentacles         |    13 |     4 ||    17
       Constrict         |    12 |     5 ||    17
       Punch             |     1 |       ||     1
  Use: Scroll            |     1 |     1 ||     2
       Potion            |       |     5 ||     5
 Stab: Sleeping          |     5 |       ||     5
Armor: Skin              |     4 |     7 ||    11
Dodge: Dodged            |    24 |     5 ||    29
Block: Buckler           |    25 |    10 ||    35
